 Dungeon Crawl Stone Soup version 0.29.0-4-gdea44cf6ec (webtiles) character file.

Game seed: 14429330964604376273

28 qw the Chopper (level 3, 0/21 HPs)
             Began as a Tengu Warper on Aug 28, 2022.
             Succumbed to an adder's poison
             ... on level 2 of the Dungeon.
             The game lasted 00:00:04 (992 turns).

qw the Chopper (Tengu Warper)                        Turns: 992, Time: 00:00:04

Health: 0/21       AC:  6    Str: 13    XL:     3   Next: 14%
Magic:  7/7        EV: 11    Int: 13    God:
Gold:   32         SH:  0    Dex: 13    Spells: 6/6 levels left

rFire   . . .      SeeInvis .   Y - +0 hand axe
rCold   . . .      Faith    .   (no shield)
rNeg    . . .      Spirit   .   d - +0 ring mail
rPois   .          Reflect  .   (helmet restricted)
rElec   .          Harm     .   (no cloak)
rCorr   .          Rampage  .   f - +0 pair of gloves
Will    .....                   (boots unavailable)
Stlth   +.........              (no amulet)
HPRegen 0.07/turn               (no ring)
MPRegen 0.10/turn               (no ring)

@: lethally poisoned (0 -> -9)
A: beak, talons 3
a: no special abilities


You were on level 2 of the Dungeon.
You visited 1 branch of the dungeon, and saw 2 of its levels.

You collected 32 gold pieces.


Innate Abilities, Weirdness & Mutations

You have a beak for a mouth.
You have claws for feet.


   Skills:
 - Level 2.0 Fighting
 + Level 3.9 Axes
 - Level 1.0 Throwing
 - Level 1.1 Armour
 - Level 2.1 Dodging
 - Level 2.0 Spellcasting
 - Level 2.4 Translocations


You had 6 spell levels left.
You didn't know any spells.
Your spell library contained the following spells:

 Spells                   Type           Power      Damage    Failure   Level
 Blink                    Tloc           14%        N/A       30%         2
 Gell's Gravitas          Tloc           7%         N/A       52%         3
 Lesser Beckoning         Tloc           7%         N/A       52%         3
 Teleport Other           Tloc           7%         N/A       52%         3
 Manifold Assault         Tloc           7%         N/A       99%         5

Inventory:

Hand Weapons
 h - a +1 whip of electrocution
 Y - a +0 hand axe (weapon)
Armour
 d - a +0 ring mail (worn)
 f - a +0 pair of gloves (worn)

Dungeon Overview and Level Annotations

Branches:
Dungeon (2/15)

Altars:


Message History

The kobold hits you but does no damage.
You hit the adder but do no damage.
The adder is severely wounded.
You closely miss the kobold. The adder closely misses you.
The kobold hits you with a +0 dagger. The adder bites you but does no damage.
You barely miss the adder. Your kick misses the adder.
Your peck misses the adder.
The adder is severely wounded.
You hit the kobold but do no damage. The adder barely misses you.
The kobold hits you but does no damage.
You barely miss the adder. You claw the adder.
The adder is almost dead.
You hit the kobold but do no damage. The adder misses you.
The kobold closely misses you.
You barely miss the adder. Your kick misses the adder.
The adder is almost dead.
You closely miss the kobold. The adder barely misses you. The adder bites you.
You are poisoned.
The adder poisons you! The kobold hits you with a +0 dagger.
You hit the adder but do no damage. Your kick misses the adder.
The adder is almost dead.
You hit the kobold.
You kill the kobold!
You feel sick. The adder bites you but does no damage.
You barely miss the adder.
The adder is almost dead.
You feel sick. The adder bites you.
You are more poisoned.
The adder poisons you! The adder closely misses you.
You hit the adder.
You kill the adder!
You feel sick.
You have reached level 3!
Your experience leads to an increase in your attributes!
Increase (S)trength, (I)ntelligence, or (D)exterity?
You feel stronger. x2
There is a lethal amount of poison in your body!
You die...

#.#####.#.########
##.#####.#.##.#
..............########
##.###...............#
#........#.########
#........#.#### ##
####...#....#....##..#
....>............)'..#
####%#.#....#...@##...K..
####.#.#....#....# .....
.....#.#....#....# ..g.
####.#.#....#....# ...
.....#.#..<.#....# ..
.###.#.#..#.#....# .
.......#:...#....#
####...#....#.(..#
#...#<)..#


There were no monsters in sight!

Vanquished Creatures
  An adder (D:2)
  2 ball pythons
  2 bats (D:1)
  An endoplasm (D:2)
  2 giant cockroaches (D:1)
  2 goblins
  2 kobolds
  A quokka (D:1)
  2 frilled lizards (D:1)
  2 rats (D:1)
17 creatures vanquished.

Notes
Turn   | Place    | Note
-------+----------+-------------------------------------------
     0 | D:1      | qw the Tengu Warper began the quest for the Orb.
     0 | D:1      | Reached XP level 1. HP: 12/12 MP: 4/4
     0 | D:1      | 0 ||| qw: Version: 0.1-a-89-g26bdef1
     0 | D:1      | 0 ||| qw: Game counter: 2919
     0 | D:1      | 0 ||| qw: Always use a shield: true
     0 | D:1      | 0 ||| qw: God list: Okawaru
     0 | D:1      | 0 ||| qw: Allow faded altars: false
     0 | D:1      | 0 ||| qw: Do Orc after D:15 true
     0 | D:1      | 0 ||| qw: Do second Lair branch before Depths: true
     0 | D:1      | 0 ||| qw: Lair rune preference: random
     0 | D:1      | 0 ||| qw: Plans: Normal
     0 | D:1      | 0 ||| PLANNING D:1-11
   144 | D:1      | Reached XP level 2. HP: 15/17 MP: 6/6
   374 | D:1      | Reached skill level 3 in Axes
   853 | D:1      | 853 ||| UPGRADING to +0 ring mail.
   863 | D:1      | 863 ||| DROPPING +0 leather armour.
   864 | D:1      | 864 ||| UPGRADING to +0 pair of gloves.
   869 | D:1      | 869 ||| DROPPING amulet of faith.
   870 | D:1      | 870 ||| READING scroll labelled LOMUTT AMAOC.
   871 | D:1      | 871 ||| READING scroll labelled WUBUCZ QE LAEDOQU.
   872 | D:1      | 872 ||| DROPPING scroll of blinking.
   977 | D:2      | 977 ||| Stepping ~*~*~tactically~*~*~ (stealth).
   978 | D:2      | 978 ||| Stepping ~*~*~tactically~*~*~ (stealth).
   990 | D:2      | HP: 3/17 [adder (3)]
   991 | D:2      | HP: 1/17 [poisoned by an adder]
   992 | D:2      | Reached XP level 3. HP: 2/21 MP: 7/7
   992 | D:2      | Succumbed to an adder's poison

Levels and vault maps discovered:
D:1:      dpeg_arrival_boxorama, layout_loops_ring, feat_on_display
D:2:      layout_basic, kennysheep_generic_room_15

Skill      XL: |  1  2 |
---------------+-------+-----
Axes           | 3 |  3.9
Fighting       | |  2.0
Throwing       | |  1.0
Armour         | |  1.1
Dodging        | |  2.1
Spellcasting   | |  2.0
Translocations | |  2.4

Action                   || total
-------------------------++-------
Melee: Hand axe          ||    34
       Peck              ||     5
       Kick              ||     7
Throw: Boomerang         ||     7
  Use: Scroll            ||     2
Armor: Leather armour    ||     3
       Ring mail         ||     7
Dodge: Dodged            ||    17

Table legend:
 A = Non-vault XP
 B = Vault XP
 C = Vault XP percentage of total XP
 D = Non-vault monster count
 E = Vault monster count
 F = Vault count percentage of total count
                 A         B        C        D         E       F
            +---------+---------+-------+---------+---------+-------
      Total |      41 |       0 |   0.0 |      17 |       0 |   0.0
            +---------+---------+-------+---------+---------+-------
        D:1 |      20 |       0 |   0.0 |      12 |       0 |   0.0
        D:2 |      21 |       0 |   0.0 |       5 |       0 |   0.0
            +---------+---------+-------+---------+---------+-------
